 Dungeon Crawl Stone Soup version 0.31-a0-188-g5e087ee2ca (webtiles) character file.

Game seed: 13965793532092712179

1340459 ragingrage the Worldbinder (level 24, 130/130 HPs)
             Began as a Felid Wanderer on June 23, 2023.
             Was the Champion of Ru.
             Escaped with the Orb
             ... and 3 runes on June 24, 2023!
             The game lasted 03:15:26 (103200 turns).

ragingrage the Worldbinder (Felid Wanderer)       Turns: 103200, Time: 03:15:27

Health: 130/130    AC: 27    Str:  6    XL:     24   Next: 56%
Magic:  42/42      EV: 37    Int: 24    God:    Ru [******]
Gold:   5359       SH:  0    Dex: 22    Spells: 5/51 levels left
                                        Lives:  2   Deaths: 5

rFire   + .          .
                       - Unarmed
rCold   + + .        (shield unavailable)
rNeg    + + +        (body armour unavailable)
rPois   ∞            (helmet unavailable)
rElec   +            (cloak unavailable)
rCorr   .            (gloves unavailable)
SInv    +            (boots unavailable)
Will    +++..        l - amulet of magic regeneration
Stlth   ++           R - ring "Zowoi" {rPois rF+ rN+ Dex+3}
HPRegen 0.41/turn    I - ring of Moodiness {*Slow rF+ rC+++ rN+ Int+3}
MPRegen 0.68/turn

%: slow self (1%)
@: statue-form, very slow
A: slow and powerful, torment resistance 1, boosted hp, very small, claws 1,
fangs 3, see invisible, (speed 1), frail 1, (shaggy fur 3), cowardly, unskilled
1, stealthy paws, missing an eye, temperature sensitive, no weapons or thrown
items, no armour, multi-lived, deterioration 1, weak 1
0: Orb of Zot
}: 3/15 runes: serpentine, barnacled, slimy
a: End Transformation, Renounce Religion, Draw Out Power, Power Leap, Apocalypse


You escaped.
You worshipped Ru.
Ru was exalted by your worship.
You were a living statue of rough stone.
You visited 11 branches of the dungeon, and saw 52 of its levels.
You visited the Abyss 1 time.
You also visited: Trove and Volcano.

You collected 7957 gold pieces.
You spent 2598 gold pieces at shops.

Inventory:

Jewellery
 l - an amulet of magic regeneration (around neck)
 u - the ring "Uvotso" {rN++ EV+5}
   (You took it off a deep elf zephyrmancer on level 3 of the Elven Halls)

   [ring of evasion]

   EV:        It affects your evasion (+5).
   rN:        It greatly protects you from negative energy.
 F - a ring of wizardry
 I - the ring of Moodiness (right paw) {*Slow rF+ rC+++ rN+ Int+3}
   (You found it in a treasure trove)

   [ring of positive energy]

   Int:       It affects your intelligence (+3).
   rF:        It protects you from fire.
   rC:        It renders you almost immune to cold.
   rN:        It protects you from negative energy.
   *Slow:     It may slow you when you take damage.
 K - the ring of Lodif {Fly rN++ Dex-4}
   (You found it in a treasure trove)

   [ring of flight]

   Dex:       It affects your dexterity (-4).
   rN:        It greatly protects you from negative energy.
   Fly:       It grants you flight.
 L - the ring of Xom's Flight of Fancy {*Corrode +Blink rN+ Int+5}
   (You found it in a treasure trove)

   [ring of positive energy]

   Int:       It affects your intelligence (+5).
   rN:        It protects you from negative energy.
   +Blink:    It lets you blink.
   *Corrode:  It may corrode you when you take damage.
 R - the ring "Zowoi" (left paw) {rPois rF+ rN+ Dex+3}
   (You took it off a deep elf archer on level 1 of the Elven Halls)

   [ring of poison resistance]

   Dex:       It affects your dexterity (+3).
   rF:        It protects you from fire.
   rPois:     It protects you from poison.
   rN:        It protects you from negative energy.
 T - the ring "Sajisuun" {rN+ Will+ rCorr MP+9 Int+8}
   (You found it on level 1 of the Elven Halls)

   [ring of positive energy]

   Int:       It affects your intelligence (+8).
   rN:        It protects you from negative energy.
   MP:        It affects your magic capacity (+9).
   rCorr:     It protects you from acid and corrosion.
   Will:      It increases your willpower.
Wands
 w - a wand of roots (12)
 A - a wand of polymorph (40)
 C - a wand of light (32)
 E - a wand of flame (84)
 G - a wand of charming (39)
 O - a wand of digging (19)
 S - a wand of mindburst (25)
Scrolls
 a - 3 scrolls of blinking
 d - 16 scrolls of teleportation
 i - 6 scrolls of fear
 n - 12 scrolls of vulnerability
 p - a scroll of torment
 t - 24 scrolls of identify
 x - 2 scrolls of revelation
 y - 9 scrolls of amnesia
 z - 5 scrolls of butterflies
 B - 2 scrolls of fog
 D - 13 scrolls of poison
 J - 5 scrolls of immolation
Potions
 b - 2 potions of invisibility
 c - 10 potions of mutation
 e - 17 potions of curing
 f - 6 potions of lignification
 g - 5 potions of heal wounds
 h - 11 potions of attraction
 j - 6 potions of might
 k - 9 potions of enlightenment
 o - 5 potions of haste
 q - 2 potions of resistance
 s - 6 potions of berserk rage
 v - 6 potions of brilliance
 N - 5 potions of magic
 P - 5 potions of cancellation
 Q - a potion of ambrosia
Miscellaneous
 r - a tin of tremorstones (2/2)
 H - a lightning rod (4/4)


   Skills:
 + Level 14.8 Fighting
 - Level 20.0 Dodging
 - Level 10.2 Stealth
 - Level 11.0 Unarmed Combat
 - Level 14.0 Spellcasting
 - Level 11.0 Hexes
 - Level 26.0 Summonings
 - Level 8.0 Necromancy
 - Level 11.0 Translocations
 - Level 14.5 Transmutations
 - Level 3.0 Ice Magic
 - Level 5.4 Air Magic
 - Level 10.0 Earth Magic
 - Level 6.0 Evocations


You had 5 spell levels left.
You knew the following spells:

 Your Spells              Type           Power      Damage    Failure   Level
a - Statue Form           Tmut/Erth      44%        N/A       3%          6
b - Haunt                 Necr/Summ      39%        N/A       2%          7
c - Passwall              Tmut/Erth      55%        N/A       1%          2
d - Summon Hydra          Summ           48%        N/A       1%          7
e - Summon Horrible Thin  Summ           48%        N/A       1%          8
f - Dragon's Call         Summ           48%        N/A       9%          9
g - Blink                 Tloc           100%       N/A       1%          2
h - Summon Mana Viper     Hex/Summ       81%        N/A       1%          5

Your spell library contained the following spells:

 Spells                   Type           Power      Damage    Failure   Level
 Summon Small Mammal      Summ           100%       N/A       0%          1
 Wereblood                Tmut           72%        N/A       0%          2
 Apportation              Tloc           100%       N/A       1%          1
 Kiss of Death            Conj/Necr      100%       2d13      1%          1
 Necrotise                Necr           100%       1d9       1%          1
 Sting                    Tmut/Pois      100%       1d8       1%          1
 Cigotuvi's Dreadful Rot  Necr/Pois/Air  76%        N/A       1%          2
 Ensorcelled Hibernation  Hex/Ice        100%       N/A       1%          2
 Lesser Beckoning         Tloc           100%       N/A       1%          2
 Sublimation of Blood     Necr           53%        N/A       1%          2
 Confusing Touch          Hex            62%        N/A       1%          3
 Dazzling Flash           Conj/Hex       86%        N/A       1%          3
 Gell's Gravitas          Tloc           62%        N/A       1%          3
 Swiftness                Air            42%        N/A       1%          3
 Teleport Other           Tloc           62%        N/A       1%          3
 Tukima's Dance           Hex            62%        N/A       1%          3
 Vampiric Draining        Necr           53%        2d9       1%          3
 Vhi's Electric Charge    Tloc/Air       100%       N/A       1%          3
 Volatile Blastmotes      Fire/Tloc      86%        2d17      1%          3
 Cause Fear               Hex            31%        N/A       1%          4
 Dispel Undead            Necr           53%        3d19      1%          4
 Ice Form                 Ice/Tmut       56%        N/A       1%          4
 Leda's Liquefaction      Hex/Erth       30%        N/A       1%          4
 Manifold Assault         Tloc           62%        N/A       1%          4
 Passage of Golubria      Tloc           62%        N/A       1%          4
 Summon Ice Beast         Ice/Summ       72%        N/A       1%          4
 Summon Lightning Spire   Summ/Air       75%        N/A       1%          4
 Blade Hands              Tmut           36%        N/A       1%          5
 Lee's Rapid Deconstruct  Erth           29%        3d15*     1%          5
 Summon Forest            Summ/Tloc      40%        N/A       1%          5
 Yara's Violent Unravell  Hex/Tmut       33%        3d14      1%          5
 Borgnjor's Vile Clutch   Necr/Erth      28%        N/A       2%          5
 Foxfire                  Conj/Fire      64%        2x1d7     3%          1
 Frozen Ramparts          Ice            62%        1d10      3%          3
 Fulminant Prism          Conj/Hex       21%        3d12      3%          4
 Iskenderun's Mystic Bla  Conj/Tloc      43%        2d10      3%          4
 Agony                    Necr           53%        N/A       3%          5
 Silence                  Hex/Air        27%        N/A       3%          5
 Alistair's Intoxication  Tmut/Pois      34%        N/A       4%          5
 Scorch                   Fire           32%        2d6       5%          2
 Arcjolt                  Conj/Air       14%        1d24      32%         5
 Flame Wave               Conj/Fire      16%        2d7       34%         4
 Fireball                 Conj/Fire      8%         3d6       67%         5
 Iskenderun's Battlesphe  Conj           16%        2d7       67%         5
 Summon Cactus Giant      Summ           48%        N/A       0%          6
 Malign Gateway           Summ/Tloc      40%        N/A       1%          7
 Monstrous Menagerie      Summ           48%        N/A       1%          7
 Dispersal                Tloc           31%        N/A       6%          6
 Dragon Form              Tmut           36%        N/A       8%          7
 Death Channel            Necr           26%        N/A       21%         6
 Eringya's Noxious Bog    Tmut/Pois      25%        N/A       26%         6
 Enfeeble                 Hex            31%        N/A       32%         7
 Storm Form               Tmut/Air       29%        N/A       45%         7
 Leda's Unmaking          Conj/Erth      20%        9d4       56%         6
 Conjure Ball Lightning   Conj/Air       14%        3x3d6     87%         6
 Plasma Beam              Fire/Air       14%        2x1d25    87%         6
 Necromutation            Tmut/Necr      31%        N/A       92%         8
 Disjunction              Tloc           31%        N/A       94%         8
 Starburst                Conj/Fire      8%         6d4       99%         6
 Orb of Destruction       Conj           8%         9d6       100%        7
 Borgnjor's Revivificati  Necr           26%        N/A       100%        8
 Lehudib's Crystal Spear  Conj/Erth      20%        10d6      100%        8
 Death's Door             Necr           26%        N/A       100%        9
 Shatter                  Erth           29%        3d24*     100%        9
 Animate Armour           Summ/Erth      Unusable   N/A       N/A         4

Dungeon Overview and Level Annotations

Branches:
Dungeon (15/15)            Temple (1/1) D:5            Lair (5/5) D:8
 Shoals (4/4) Lair:2        Snake (4/4) Lair:2        Slime (5/5) Lair:5
    Orc (2/2) D:11            Elf (3/3) Orc:2        Vaults (4/5) D:14
  Crypt (0/3) Vaults:2     Depths (4/4) D:15            Zot (5/5) Depths:4
Volcano (visited)

Altars:
Fedhas
Gozag
Kikubaaqudgha
Makhleb
Nemelex Xobeh
Okawaru
Ru
Sif Muna
Trog
Xom
Yredelemnul
Zin

Shops:
D:4 [   D:7 (   D:14 !   D:15 *   Orc:2 [[[[   Elf:2 (   Snake:1 :   Snake:2 *
Vaults:2 [   Vaults:3 =   Vaults:4 ?   Depths:3 ==

Portals:
Hell: Depths:1 Depths:2 Depths:3 Depths:4
Abyss: Depths:1 Depths:2 Depths:3
Pandemonium: Depths:2 Depths:4
Ziggurat: Depths:2

Annotations:
D:11 1 runed translucent door, Seudub's ghost, journeyman DsCK
Shoals:3 exclusion: downstairs
Elf:1 6 runed translucent doors
Elf:2 3 runed translucent doors
Depths:2 exclusions: eye of devastation, floating eye, shining eye and 1 more exclusion
Depths:4 6 runed translucent doors
Zot:1 3 runed translucent doors, exclusions: door and obsidian statue, olmar's ghost, master GnWr
Zot:2 exclusion: upstairs
Zot:4 2 transporters


Innate Abilities, Weirdness & Mutations

You are a living statue of rough stone.
Your actions are slow, but your melee attacks are powerful.
You are resistant to unholy torment.
Your maximum health is greatly increased.
You are immune to poison.
You have sharp claws.
You have razor-sharp teeth.
You have supernaturally acute eyesight. (SInv)
((You cover ground quickly. (Speed+)))
You are frail. (-10% HP)
((Your thick and shaggy fur keeps you warm. (AC +3, rC+)))
Your cowardice makes you less effective in combat with threatening foes.
You are somewhat unskilled. (-1 Apt)
Your paws help you pounce on unaware monsters.
You are missing an eye, making it more difficult to aim.
You are sensitive to extremes of temperature. (rF-, rC-)
You are incapable of wielding weapons or throwing items.
You cannot wear armour.
You gain extra lives every three experience levels.
Your body sometimes deteriorates upon taking damage.
You are weak. (Str -2)


Message History

The angel hits your shadow dragon with a +1 whip of holy wrath.
The angel barely misses your shadow dragon.
Your shadow dragon closely misses the angel.
Your shadow dragon barely misses the angel.
Your shadow dragon misses the angel.
Your golden dragon breathes cold at the angel.
The bolt of cold misses the angel.
The angel gestures.
The angel is healed somewhat.
Your shadow dragon misses the angel.
Your shadow dragon claws the angel.
Your shadow dragon claws the angel but does no damage.
A dragon arrives to answer your call!
Your quicksilver dragon disappears in a puff of smoke!
The angel hits your shadow dragon with a +1 whip of holy wrath!
The angel closely misses your shadow dragon.
Your golden dragon bites the angel!!
Your golden dragon claws the angel!
Your golden dragon completely misses the angel.
Your ice dragon misses the angel. x3; Your shadow dragon misses the angel.
Your shadow dragon claws the angel but does no damage. x2
The angel gestures.
The angel is healed somewhat.
Your golden dragon bites the angel but does no damage.
Your golden dragon claws the angel!
Your golden dragon tramples the angel!
The angel holds its ground!
The angel dies!
You feel your intelligence returning.
You hear a croak.
(D) Dungeon (T) Temple (L) Lair (A) Shoals (P) Snake Pit (M) Slime Pits (O) Orcish Mines (E) Elven Halls (V) Vaults (C) Crypt (U) Depths (H) Hell (Z) Zot
Where to? (Enter - D:1 @ (x,y), ? - help)
There is a stone staircase leading up here.
Your golden dragon disappears in a puff of smoke!
You climb upwards.
Your summoned ally is left behind.
There is a stone staircase leading down here.
The roar of the dragon horde subsides.
You can once more reach out to the dragon horde.
There is a staircase leading out of the dungeon here.
You have escaped!

#.# #..##.....# ######### #.#
#..#.#....# #####
##.######.##...#########...##
### ...†..#
#.#.#...##..........###..
##.##.#
#.##...########..........
#.##.# #.##.....# #.....###.#
#.##.###.##....## ##...## #.#
#.##.##.##..#..## ##### #.#
#.##.#.###>.###8# #.#
#.##....##### ### ##.#
##.##.###.# #... ......# ###
#... ##..### #... ....# ####
###.####### # #.......# #
#(#####)# #########


There were no monsters in sight!

Vanquished Creatures
  the Royal Jelly (Slime:5)
  2 ancient liches
  Sojobo (Vaults:3)
  Saint Roka (Depths:2)
  Frederick (Vaults:3)
  2 Killer Klowns
  Vashnia (Snake:4)
  Bai Suzhen (Snake:4)
  A caustic shrike (Depths:3)
  4 golden dragons
  Jorgrun (D:14)
  A tentacled monstrosity (Depths:4)
  An Orb Guardian (Zot:5)
  3 liches
  A quicksilver dragon (shapeshifter) (Depths:2)
  A quicksilver dragon (Zot:2)
  A titan (Depths:2)
  6 acid blobs
  2 deep elf master archers (Elf:3)
  A deep elf blademaster (Elf:3)
  A death cob (Zot:1)
  2 storm dragons
  2 sphinxes (Vaults:4)
  3 shadow dragons
  2 tengu reavers
  3 nagarajas (Snake:4)
  6 rockslimes (Slime:5)
  A deep elf sorcerer (Elf:3)
  4 fire giants
  An azure jelly (Slime:5)
  Louise (D:14)
  4 vault wardens
  2 iron dragons (Depths:2)
  5 frost giants
  A spriggan defender (Depths:2)
  8 quicksilver oozes (Slime:5)
  An ironbound thunderhulk (Vaults:3)
  A draconian stormcaller (Zot:1)
  A draconian annihilator (Zot:4)
  6 stone giants
  7 very ugly things
  3 formless jellyfish
  A war gargoyle (Vaults:4)
  3 vampire knights
  2 green draconians (Zot:4)
  A deep elf demonologist (Elf:1)
  A black draconian (Zot:1)
  Azrael (D:14)
  A purple draconian (Depths:4)
  A red draconian (Zot:2)
  A deep elf annihilator (Elf:3)
  4 spark wasps
  3 fire dragons
  An ettin (Depths:1)
  2 deep elf death magi
  2 merfolk impalers
  2 merfolk javelineers (Shoals:4)
  5 yaktaur captains
  A deep elf high priest (Elf:1)
  An ice dragon (Depths:2)
  2 vault guards (D:14)
  Fannar (Lair:3)
  4 hydras
  2 spriggan air magi (Depths:2)
  4 anacondas
  2 catoblepae
  4 two-headed ogres
  2 ironbound frosthearts (Vaults:4)
  A merfolk avatar (Shoals:3)
  2 deep troll shamans
  2 dancing weapons (Elf:2)
  2 boulder beetles
  7 centaur warriors
  A satyr (Shoals:4)
  6 death yaks (Lair:5)
  A thrashing horror (Abyss:3)
  6 deep troll earth magi
  4 naga warriors
  A titan zombie (Depths:2)
  A merfolk aquamancer (Shoals:1)
  2 shock serpents
  2 vampire magi
  2 spriggan berserkers
  6 deep elf knights
  4 naga sharpshooters
  7 orc high priests
  3 skysharks
  A wretched star (Abyss:3)
  2 skeletal warriors
  5 deep trolls
  An iron troll (Depths:1)
  A shadow demon (Depths:2)
  6 sea snakes
  2 flayed ghosts
  A glowing orange brain (Depths:3)
  An orb spider (shapeshifter) (Depths:2)
  A kraken simulacrum (Shoals:4)
  11 deep elf archers
  A starcursed mass (Abyss:3)
  2 orc knights
  A harpy (Vaults:3)
  5 ironbound convokers
  A wizard (Vaults:1)
  2 necromancers
  A steelbarb worm (shapeshifter) (Depths:2)
  2 mana vipers (Snake:4)
  14 deep elf zephyrmancers
  3 moths of wrath
  10 deep elf pyromancers
  5 orc sorcerers
  13 ugly things
  6 manticores
  4 cyclopes
  A frost giant zombie (D:15)
  2 fauns (Shoals:2)
  A faun (shapeshifter) (Vaults:1)
  3 merfolk sirens
  3 nameless horrors
  7 vault sentinels
  9 elephants
  16 black mambas
  A torpor snail (Lair:5)
  2 guardian serpents (Snake:4)
  A gargoyle (D:12)
  2 water nymphs
  10 cane toads
  3 naga magi
  A frost giant skeleton (D:15)
  2 rime drakes
  19 yaktaurs
  An unseen horror (shapeshifter) (D:14)
  Maggie (Lair:1)
  4 unseen horrors
  A rime drake (shapeshifter) (Depths:3)
  6 komodo dragons
  2 tengu conjurers
  An ice devil (D:12)
  An ancient zyme (Abyss:3)
  2 polar bears
  8 trolls
  3 merfolk
  A wind drake (Shoals:2)
  A raiju (Abyss:3)
  Prince Ribbit (D:9)
  A large abomination (Depths:3)
  8 blink frogs
  2 snapping turtles (Shoals:4)
  37 slime creatures
  5 small abominations (Depths:3)
  3 centaur simulacra (D:11)
  4 flying skulls (D:15)
  A shadow (D:11)
  3 water elementals
  5 wraiths
  55 yaks
  2 fire elementals
  7 wyverns
  A steam dragon (Lair:2)
  3 vampire mosquitoes
  7 basilisks
  2 chaos spawn
  A glowing shapeshifter zombie (Depths:3)
  11 water moccasins
  2 wargs
  11 nagas
  An acid dragon (D:13)
  A floating eye (Slime:5)
  A meliai simulacrum (D:11)
  17 orc warriors
  A sky beast (D:8)
  9 ogres
  3 ice beasts
  3 black bears
  11 centaurs
  26 wolves
  A kobold brigand (D:9)
  A phantom (D:7)
  18 bullfrogs
  An earth elemental (Elf:1)
  5 scorpions
  A gnoll sergeant (D:5)
  15 wights
  9 killer bees (D:10)
  6 howler monkeys
  11 electric eels
  A jelly (D:5)
  15 orc priests
  Crazy Yiuf (D:6)
  5 hounds
  Jessica (D:2)
  2 gnoll boudas
  3 sleepcaps
  6 iguanas
  15 orc wizards
  9 gnolls
  3 adders
  2 shadow imps
  9 white imps
  An ufetubus (D:6)
  A dart slug (D:2)
  76 orcs
  7 ball pythons
  4 endoplasms
  2 giant cockroaches
  20 goblins
  9 hobgoblins
  20 jackals
  11 kobolds
  3 quokkas (D:1)
  11 bats
  2 frilled lizards (D:3)
  3 rats
  A spectral weapon (Vaults:3)
985 creatures vanquished.

Vanquished Creatures (collateral kills)
  A dread lich (Zot:5)
  4 orbs of fire (Zot:5)
  An ancient lich (Zot:5)
  Mennas (Vaults:2)
  Mara (Vaults:2)
  Vv (Depths:3)
  7 Killer Klowns
  Xtahua (Vaults:2)
  4 curse toes
  Nikola (Vaults:3)
  6 golden dragons
  A bone dragon (Depths:4)
  Jory (Vaults:3)
  4 electric golems
  2 walking earthen tomes
  16 tentacled monstrosities
  Asterion (Vaults:3)
  4 liches
  A deep elf blademaster (Elf:3)
  26 Orb Guardians
  A titan (Depths:2)
  2 quicksilver dragons
  A walking divine tome (Depths:2)
  13 acid blobs
  7 death cobs
  An Executioner (Abyss:3)
  4 sphinxes
  7 shadow dragons
  6 storm dragons
  3 tengu reavers
  A draconian monk (Zot:4)
  6 nagarajas
  Kirke (Shoals:3)
  7 fire giants
  2 azure jellies
  14 frost giants
  4 rockslimes
  Aizul (Shoals:3)
  7 draconian knights
  A revenant (Abyss:3)
  4 deep elf sorcerers (Elf:3)
  2 iron dragons
  3 draconian shifters
  3 vault wardens
  5 draconian scorchers
  An angel (D:2)
  3 draconian stormcallers
  A ghost moth (Zot:4)
  A caustic shrike zombie (Depths:2)
  A spriggan defender (Depths:2)
  A deep elf elementalist (Elf:3)
  6 formless jellyfish
  2 orc warlords
  3 draconian annihilators (Zot:4)
  10 ironbound preservers
  8 very ugly things
  4 quicksilver oozes
  2 cacodemons (Depths:1)
  10 stone giants
  8 ironbound thunderhulks
  A vampire knight (Depths:2)
  10 green draconians
  6 deep elf demonologists (Elf:3)
  A dire elephant (Vaults:4)
  8 black draconians
  3 deep elf annihilators (Elf:3)
  7 yellow draconians
  15 purple draconians
  4 spark wasps (Depths:2)
  8 red draconians
  13 white draconians
  A spark wasp (shapeshifter) (Depths:4)
  Josephine (Snake:1)
  3 deep elf death magi (Elf:3)
  11 ettins
  A green death (D:4)
  5 yaktaur captains
  11 fire dragons
  The ghost of Gimmyonatz the Nimble, a journeyman MiFi of Okawaru (Lair:3)
  7 great orbs of eyes
  2 merfolk javelineers (Shoals:4)
  6 merfolk impalers
  3 deep elf high priests
  3 vault guards
  2 ogre magi (D:15)
  A spriggan skeleton (Depths:2)
  5 rakshasas
  A juggernaut simulacrum (Depths:3)
  2 merfolk avatars (Shoals:4)
  2 ironbound frosthearts
  A boulder beetle (shapeshifter) (Depths:3)
  2 hydras
  A catoblepas (Shoals:3)
  5 ice dragons
  A peacekeeper (Vaults:4)
  6 spriggan air magi
  2 anacondas
  2 centaur warriors
  10 naga warriors
  13 dancing weapons
  2 boulder beetles
  4 deep troll shamans
  5 tengu warriors
  6 merfolk aquamancers
  5 spriggan berserkers
  2 death yaks (Lair:5)
  A satyr (Shoals:3)
  7 two-headed ogres
  6 deep troll earth magi
  11 naga sharpshooters
  3 shock serpents
  An orc high priest (Orc:2)
  4 soul eaters
  12 deep elf knights
  A hell knight (Depths:2)
  9 skeletal warriors
  A titan zombie (Depths:3)
  A skyshark (Shoals:2)
  2 golden dragon zombies (Depths:2)
  3 sixfirhies (Depths:1)
  A wretched star (Abyss:3)
  5 iron trolls
  2 salamander mystics
  A spark wasp zombie (Depths:3)
  34 deep trolls
  17 sea snakes
  4 glowing orange brains
  A shadow demon (Depths:1)
  A glowing orange brain (shapeshifter) (Elf:1)
  9 naga ritualists
  5 lindwurms
  A deep troll (shapeshifter) (Depths:2)
  A tengu zombie (Depths:3)
  6 flayed ghosts
  A shadow dragon zombie (Depths:2)
  9 wizards
  2 phantasmal warriors
  10 deep elf archers
  5 ironbound convokers
  3 harpies (Vaults:4)
  11 deep elf pyromancers
  5 necromancers
  5 orc knights
  23 ugly things
  15 manticores
  15 deep elf zephyrmancers
  11 mana vipers
  A fire giant zombie (Depths:2)
  A wolf spider (shapeshifter) (Depths:1)
  A stone giant zombie (D:15)
  A shining eye (Slime:3)
  A salamander (shapeshifter) (D:15)
  6 fauns
  A moth of wrath (shapeshifter) (Depths:3)
  3 cyclopes
  A will-o-the-wisp (Abyss:3)
  7 salamanders
  A frost giant skeleton (D:15)
  15 moths of wrath
  2 rust devils (Depths:2)
  A fire giant skeleton (Depths:3)
  4 human zombies
  7 merfolk sirens
  5 guardian serpents
  A stone giant skeleton (Vaults:4)
  12 naga magi
  5 water nymphs
  7 vault sentinels
  2 eyes of devastation (Slime:5)
  2 unseen horrors
  A gargoyle (D:12)
  26 black mambas
  2 orange demons
  2 komodo dragons
  2 tormentors
  4 tengu conjurers
  3 freezing wraiths
  19 yaktaurs
  An ancient zyme (Abyss:3)
  3 wind drakes
  A human skeleton (Vaults:4)
  2 red devils (Depths:2)
  2 hellwings (Depths:2)
  18 merfolk
  5 large abominations
  3 trolls
  2 hornets (Depths:1)
  A shadow dragon simulacrum (Depths:3)
  A wind drake (shapeshifter) (Depths:1)
  A raiju (Abyss:3)
  A hydra skeleton (Abyss:3)
  4 snapping turtles
  4 dream sheep (Shoals:2)
  A frost giant simulacrum (Vaults:4)
  4 air elementals
  65 slime creatures
  A shadow (D:13)
  A human simulacrum (Vaults:3)
  A wraith (Lair:2)
  2 spriggans (Depths:1)
  6 yaks
  19 flying skulls
  9 golden eyes
  18 water elementals
  9 fire elementals
  A vampire mosquito (D:11)
  4 chaos spawn
  A yaktaur simulacrum (Vaults:4)
  4 wargs (Orc:2)
  30 nagas
  3 hell hounds (D:14)
  2 floating eyes
  26 orc warriors
  An ettin simulacrum (Vaults:3)
  6 wolves (Lair:5)
  5 ogres
  23 nameless horrors
  A kobold brigand (D:4)
  4 earth elementals
  6 small abominations
  14 orc priests
  10 orc wizards
  9 gnolls (D:4)
  4 white imps (Lair:3)
  An ufetubus (D:11)
  49 orcs
  A lurking horror (Abyss:3)
1263 creatures vanquished.

Vanquished Creatures (others)
  A draconian annihilator (Zot:4)
  2 ettins
  A fire dragon (Depths:3)
  A vault guard (D:11)
  A tengu warrior (Depths:2)
  A shock serpent (Snake:1)
  A glowing orange brain (Depths:2)
  A lindwurm (Vaults:1)
  An ugly thing (Depths:2)
  A deep elf pyromancer (Elf:3)
  An elephant (Lair:1)
  A gargoyle (D:12)
  A cane toad (Lair:2)
  A yaktaur (Vaults:2)
  2 slime creatures
  A wyvern (Lair:2)
  2 yaks
  A vampire mosquito (D:11)
  A harpy simulacrum (Abyss:3)
  A small abomination (Abyss:3)
  A wolf (Lair:2)
  An orc (Orc:1)
  A goblin (D:7)
26 creatures vanquished.

Grand Total: 2274 creatures vanquished

Notes
Turn   | Place    | Note
-------+----------+-------------------------------------------
     0 | D:1      | ragingrage the Felid Wanderer began the quest for the Orb.
     0 | D:1      | ragingrage set off with the following items: a scroll of
                  | blinking, a potion of invisibility, a scroll of fog, a
                  | scroll of teleportation; and the following spells available
                  | to memorise: Sublimation of Blood, Cigotuvi's Dreadful Rot.
     0 | D:1      | Reached XP level 1. HP: 10/10 MP: 3/3
   203 | D:1      | Reached XP level 2. HP: 14/14 MP: 4/4
   725 | D:1      | Reached XP level 3. HP: 16/17 MP: 5/5
   991 | D:2      | Noticed Jessica
  1269 | D:2      | Reached skill level 1 in Dodging
  1308 | D:2      | Found a faded altar of an unknown god.
  1383 | D:2      | Learned a level 3 spell: Confusing Touch
  1828 | D:2      | Killed Jessica
  1829 | D:2      | Reached skill level 1 in Hexes
  1829 | D:2      | Reached XP level 4. HP: 21/21 MP: 6/6
  2537 | D:3      | Reached XP level 5. HP: 20/24 MP: 7/7
  2849 | D:3      | Identified the +1 spear of Yggeuq {flame, Str+3 Dex+3}
  3362 | D:3      | Killed from afar by an orc priest
  3363 | D:3      | Reached XP level 4. HP: -1/21 MP: 6/6
  3578 | D:4      | Found Sott's Armour Boutique.
  3628 | D:4      | Found a sacrificial altar of Ru.
  3631 | D:4      | Became a worshipper of Ru the Awakened
  3642 | D:4      | Found a sparkling altar of Nemelex Xobeh.
  3684 | D:4      | Reached skill level 5 in Unarmed Combat
  3729 | D:4      | Found Zetrodd's Distillery.
  3757 | D:4      | Bought a potion of heal wounds for 60 gold pieces
  3757 | D:4      | Bought a potion of berserk rage for 60 gold pieces
  3757 | D:4      | Bought a potion of might for 48 gold pieces
  3819 | D:4      | Reached XP level 5. HP: 24/24 MP: 4/7
  5373 | D:5      | Entered Level 5 of the Dungeon
  5540 | D:4      | Gained mutation: You are covered in thick fur. (AC +2)
                  | [Felid growth]
  5540 | D:4      | Reached XP level 6. HP: 23/23 MP: 4/8
  5734 | D:5      | Gained mutation: You are somewhat unskilled. (-1 Apt) [Ru
                  | sacrifice]
  5734 | D:5      | Reduced skill Dodging to level 1
  5734 | D:5      | Reached * piety under Ru
  5811 | D:5      | Reached skill level 5 in Unarmed Combat
  6234 | D:5      | Found a staircase to the Ecumenical Temple.
  6244 | Temple   | Entered the Ecumenical Temple
  6470 | D:5      | Reached skill level 5 in Hexes
  6728 | D:5      | Found a blossoming altar of Fedhas.
  6729 | D:5      | Found a glowing silver altar of Zin.
  6983 | D:5      | Reached skill level 5 in Stealth
  6983 | D:5      | Reached XP level 7. HP: 29/30 MP: 6/9
  8165 | D:6      | Reached XP level 8. HP: 34/34 MP: 7/10
  8488 | D:6      | Found a runed translucent door.
  8489 | D:6      | Noticed Crazy Yiuf
  8496 | D:6      | Killed Crazy Yiuf
  8722 | D:7      | Found a flagged portal.
  9322 | D:7      | Found Jidworom's Weapon Shop.
  9907 | D:7      | Reached skill level 1 in Spellcasting
 10101 | D:7      | Reached XP level 9. HP: 37/37 MP: 7/11
 10755 | D:7      | Found Jidworom's Weapon Shop.
 11533 | D:8      | Found a shimmering blue altar of Sif Muna.
 11624 | D:9      | Gained mutation: You are frail. (-10% HP) [Ru sacrifice]
 11624 | D:9      | Reached ** piety under Ru
 11624 | D:9      | Reached *** piety under Ru
 11740 | D:9      | Noticed a troll
 12100 | D:8      | Found an iron altar of Okawaru.
 12138 | D:8      | Reached skill level 10 in Unarmed Combat
 12629 | D:8      | Reached XP level 10. HP: 36/37 MP: 8/12
 13153 | D:8      | Reached skill level 5 in Dodging
 13655 | D:8      | Found a staircase to the Lair.
 13903 | D:8      | Learned a level 2 spell: Ensorcelled Hibernation
 13906 | D:8      | Learned a level 2 spell: Passwall
 14308 | D:9      | Noticed Prince Ribbit
 14312 | D:9      | Killed Prince Ribbit
 14492 | D:9      | Reached skill level 1 in Transmutations
 14516 | D:9      | Reached skill level 1 in Ice Magic
 14516 | D:9      | Reached skill level 1 in Earth Magic
 15126 | D:9      | Gained mutation: You are missing an eye, making it more
                  | difficult to aim. [Ru sacrifice]
 15126 | D:9      | Reached **** piety under Ru
 15658 | Lair:1   | Entered Level 1 of the Lair of Beasts
 15729 | D:10     | Entered Level 10 of the Dungeon
 16076 | D:10     | Learned a level 4 spell: Summon Lightning Spire
 16223 | D:10     | Found an ancient bone altar of Kikubaaqudgha.
 16726 | D:10     | Reached XP level 11. HP: 41/41 MP: 3/13
 17238 | D:11     | Noticed a two-headed ogre
 17242 | D:11     | Found a staircase to the Orcish Mines.
 17267 | D:10     | Killed a two-headed ogre
 17550 | D:11     | Reached skill level 5 in Fighting
 17565 | D:11     | Found a sparkling altar of Nemelex Xobeh.
 18044 | D:11     | Found a runed translucent door.
 18044 | D:11     | Found a shimmering altar of Xom.
 18044 | D:11     | Noticed Seudub's ghost (journeyman DsCK)
 18134 | D:11     | Noticed a +1 hand axe of chaos
 18328 | D:11     | Noticed a vault guard
 18357 | D:11     | Killed a vault guard
 18381 | D:11     | Found a portal to a secret trove of treasure.
 18403 | D:11     | You paid a toll of 5 scrolls of fog to enter a treasure
                  | trove
 18404 | Trove    | Entered a treasure trove
 18421 | Trove    | Identified the ring of Moodiness {*Slow rF+ rC+++ rN+
                  | Int+3}
 18423 | Trove    | Identified the ring "Feon Jaezoa" {*Slow rN+ MP+9 Str+6}
 18425 | Trove    | Identified the ring of Lodif {Fly rN++ Dex-4}
 18430 | Trove    | Identified the ring of Xom's Flight of Fancy {*Corrode
                  | +Blink rN+ Int+5}
 18433 | Trove    | Identified the amulet "Zericw" {Spirit rC+ Str+3 Dex+5}
 18440 | Trove    | Identified the amulet "Gomy" {Acrobat Harm rF- rN+++
                  | Regen+}
 19502 | D:10     | Found an ancient bone altar of Kikubaaqudgha.
 19865 | D:10     | Gained mutation: Your cowardice makes you less effective in
                  | combat with threatening foes. [Ru sacrifice]
 19865 | D:10     | Reached ***** piety under Ru
 20513 | Lair:1   | Reached skill level 1 in Summonings
 20517 | Lair:1   | Noticed Maggie
 20666 | Lair:1   | Reached skill level 2 in Summonings
 21008 | Lair:1   | Killed Maggie
 21257 | Lair:1   | Gained mutation: Your thick and shaggy fur keeps you warm.
                  | (AC +3, rC+) [Felid growth]
 21257 | Lair:1   | Reached XP level 12. HP: 35/46 MP: 10/14
 21388 | Lair:1   | Reached skill level 3 in Summonings
 21538 | Lair:1   | Reached skill level 10 in Dodging
 21747 | Lair:1   | Reached skill level 4 in Summonings
 22176 | Lair:1   | Reached skill level 5 in Summonings
 22190 | Lair:2   | Gained mutation: You are sensitive to extremes of
                  | temperature. (rF-, rC-) [Ru sacrifice]
 22190 | Lair:2   | Reached ****** piety under Ru
 22578 | Lair:2   | You fall into a shaft and drop 1 floor!
 22710 | Lair:3   | Noticed a six-headed hydra
 22710 | Lair:3   | Killed a six-headed hydra
 22725 | Lair:3   | Found a runed translucent door.
 22726 | Lair:3   | Noticed Gimmyonatz's ghost (journeyman MiFi)
 22783 | Lair:3   | Reached skill level 6 in Summonings
 23401 | Lair:2   | Found a staircase to the Snake Pit.
 23580 | Lair:2   | Reached skill level 1 in Air Magic
 23730 | Lair:2   | Found a staircase to the Shoals.
 23941 | Lair:2   | Reached skill level 7 in Summonings
 24275 | Lair:3   | Noticed a four-headed hydra
 24463 | Lair:3   | Got the Papyrus of Silt and Misfortune
 24763 | Lair:3   | Noticed Fannar
 24783 | Lair:2   | Killed a four-headed hydra
 24784 | Lair:2   | Reached XP level 13. HP: 52/52 MP: 15/17
 24809 | Lair:3   | Killed Fannar
 25263 | Lair:3   | Learned a level 5 spell: Summon Mana Viper
 25385 | Lair:3   | Killed Gimmyonatz's ghost
 25669 | Lair:4   | Found a dark tunnel.
 25677 | Volcano  | Entered a volcano
 25745 | Volcano  | Engulfed by a cloud of flame
 25746 | Volcano  | Reached XP level 12. HP: -11/49 MP: 16/16
 25846 | Lair:4   | Noticed a boulder beetle
 25867 | Lair:4   | Killed a boulder beetle
 26821 | Lair:5   | Entered Level 5 of the Lair of Beasts
 26834 | Lair:5   | Noticed a five-headed hydra
 26947 | Lair:5   | Reached skill level 8 in Summonings
 26947 | Lair:5   | Killed a five-headed hydra
 26992 | Lair:5   | Noticed a death yak
 26999 | Lair:5   | Killed a death yak
 27067 | Lair:5   | Noticed a death yak
 27068 | Lair:5   | Noticed a death yak
 27068 | Lair:5   | Noticed a death yak
 27069 | Lair:5   | Noticed a death yak
 27075 | Lair:5   | Killed a death yak
 27078 | Lair:5   | Killed a death yak
 27079 | Lair:5   | Reached XP level 13. HP: 41/52 MP: 11/18
 27350 | Lair:5   | Reached skill level 5 in Air Magic
 27558 | Lair:5   | Reached skill level 9 in Summonings
 27905 | Lair:5   | Reached skill level 10 in Hexes
 28535 | Lair:5   | Found a staircase to the Slime Pits.
 29259 | Orc:1    | Entered Level 1 of the Orcish Mines
 30009 | D:4      | Bought a potion of haste for 120 gold pieces
 30009 | D:4      | Bought a potion of heal wounds for 60 gold pieces
 30009 | D:4      | Bought a potion of magic for 96 gold pieces
 30009 | D:4      | Bought a potion of haste for 120 gold pieces
 30009 | D:4      | Bought a potion of curing for 36 gold pieces
 30009 | D:4      | Bought a potion of mutation for 96 gold pieces
 30009 | D:4      | Bought a potion of mutation for 96 gold pieces
 30180 | Orc:2    | Entered Level 2 of the Orcish Mines
 31799 | Orc:2    | Found a staircase to the Elven Halls.
 32087 | Orc:2    | Noticed an orc warlord
 32126 | Orc:2    | Killed an orc warlord
 32127 | Orc:2    | Reached skill level 5 in Evocations
 32127 | Orc:2    | Reached XP level 14. HP: 56/56 MP: 13/19
 32218 | Orc:2    | Found Getasch's Antique Armour Boutique.
 32472 | Orc:2    | Found Kychida's Antique Armour Shop.
 32788 | Orc:2    | Found Tuag's Antique Armour Emporium.
 32862 | Orc:2    | Found Baedgh's Armour Shop.
 32891 | Orc:2    | Reached skill level 10 in Summonings
 34583 | D:12     | Reached skill level 11 in Summonings
 35390 | D:13     | Found a burning altar of Makhleb.
 36083 | D:14     | Noticed Jorgrun
 36094 | D:14     | Killed Jorgrun
 36268 | D:14     | Noticed Louise
 36270 | D:14     | Found a gate to the Vaults.
 36273 | D:14     | Reached skill level 12 in Summonings
 36275 | D:14     | Killed Louise
 36417 | D:14     | Reached XP level 15. HP: 42/60 MP: 12/20
 36647 | D:14     | Reached skill level 13 in Summonings
 36986 | D:14     | Noticed Azrael
 37004 | D:14     | Killed Azrael
 37207 | D:14     | Found Belyboal's Distillery.
 37217 | D:14     | Bought a potion of degeneration for 16 gold pieces
 37537 | D:15     | Entered Level 15 of the Dungeon
 37643 | D:15     | Found a staircase to the Depths.
 37903 | D:15     | Found Zoeg Tasm's Mass Market.
 38584 | D:15     | Reached skill level 14 in Summonings
 38807 | D:15     | Found the +3 giant club "Skullcrusher" {speed, Str+7}
 39492 | D:15     | Reached skill level 15 in Summonings
 40155 | Snake:1  | Entered Level 1 of the Snake Pit
 40535 | Snake:1  | Noticed Josephine
 40845 | Snake:1  | HP: 2/51 [naga ritualist/Olgreb's Toxic Radiance (3)]
 41089 | Snake:1  | Killed Josephine
 42031 | Lair:2   | Learned a level 7 spell: Summon Hydra
 42491 | Snake:1  | Reached skill level 5 in Spellcasting
 42619 | Snake:1  | Reached XP level 16. HP: 32/64 MP: 14/24
 43064 | Snake:1  | Found Xonis's Book Shoppe.
 43738 | Snake:2  | Reached skill level 16 in Summonings
 44398 | Snake:2  | Found Wromoixt's Whimsical Warehouse.
 44406 | Snake:2  | Bought a book of the Wilderness for 570 gold pieces
 44632 | Snake:2  | Learned a level 6 spell: Summon Cactus Giant
 46453 | Snake:3  | Reached skill level 15 in Dodging
 47654 | Snake:3  | Shot with an arrow by a naga sharpshooter
 47655 | Snake:3  | Reached XP level 15. HP: -2/60 MP: 20/25
 47951 | Snake:4  | Entered Level 4 of the Snake Pit
 48368 | Snake:4  | Noticed Vashnia
 48432 | Snake:4  | Reached skill level 17 in Summonings
 48758 | Snake:4  | Noticed a nagaraja
 48758 | Snake:4  | Noticed a nagaraja
 48765 | Snake:4  | Killed a nagaraja
 48765 | Snake:4  | Killed a nagaraja
 48871 | Snake:4  | Reached XP level 16. HP: 56/60 MP: 2/26
 48873 | Snake:4  | Killed Vashnia
 48955 | Snake:4  | Noticed Bai Suzhen
 49118 | Snake:4  | Killed Bai Suzhen
 49956 | Snake:4  | Reached skill level 18 in Summonings
 51382 | Snake:4  | Got a serpentine rune of Zot
 51782 | Elf:1    | Entered Level 1 of the Elven Halls
 52562 | Elf:1    | Found a transporter.
 52851 | Elf:1    | Found a transporter.
 53267 | Elf:1    | Identified the ring "Zowoi" {rPois rF+ rN+ Dex+3}
 53271 | Elf:1    | Reached skill level 10 in Fighting
 53271 | Elf:1    | Reached skill level 10 in Stealth
 53272 | Elf:1    | Found a runed translucent gate.
 53272 | Elf:1    | Found a runed translucent gate.
 53272 | Elf:1    | Found a runed translucent gate.
 53272 | Elf:1    | Found a runed translucent gate.
 53272 | Elf:1    | Found a runed translucent gate.
 53276 | Elf:1    | Found a runed translucent gate.
 53276 | Elf:1    | Noticed a shadow dragon
 53276 | Elf:1    | Noticed a storm dragon
 53784 | Elf:2    | Reached XP level 17. HP: 68/68 MP: 27/27
 53787 | Elf:2    | HP: 2/68 [+0 scimitar of electrocution (17)]
 54349 | Elf:2    | Learned a level 6 spell: Statue Form
 54590 | Elf:2    | Found Seuref's Antique Weapon Emporium.
 54633 | Elf:2    | Paralysed by an air elemental for 1 turns
 54716 | Elf:2    | Reached skill level 5 in Transmutations
 54966 | Elf:2    | Found a runed translucent gate.
 54967 | Elf:2    | Found a runed translucent gate.
 54970 | Elf:2    | Found a runed translucent gate.
 55186 | Elf:3    | Entered Level 3 of the Elven Halls
 55380 | Elf:3    | Reached XP level 18. HP: 72/72 MP: 28/28
 55630 | Elf:3    | Killed from afar by a deep elf pyromancer
 55631 | Elf:3    | Reached XP level 17. HP: -4/69 MP: 12/27
 55770 | Elf:3    | Reached skill level 5 in Earth Magic
 56395 | Elf:3    | Paralysed by an air elemental for 1 turns
 56615 | Elf:3    | Noticed a deep elf master archer
 56618 | Elf:3    | Killed a deep elf master archer
 57093 | Elf:3    | Noticed a deep elf blademaster
 57189 | Elf:3    | Noticed a Brimstone Fiend
 57661 | Elf:3    | Identified the amulet of the Final Decision {rElec rPois
                  | rF- rN+ Regen+}
 57672 | Elf:3    | Noticed a deep elf blademaster
 57677 | Elf:3    | Identified the ring of Omoenube {+Blink rElec rC++ Int-2
                  | Dex+6}
 57678 | Elf:3    | Killed a deep elf blademaster
 58435 | Elf:3    | Killed a deep elf blademaster
 59037 | Elf:3    | Identified the +3 quarterstaff "String" {protect, rF- Str+5
                  | Int+9 Dex-2}
 59049 | Elf:3    | Noticed a deep elf master archer
 59053 | Elf:3    | Killed a deep elf master archer
 59177 | Elf:3    | Noticed an Ice Fiend
 59978 | Elf:3    | Identified the ring "Toycekin" {rC+ rN+ Str-3 SInv}
 60115 | Elf:3    | Reached skill level 10 in Transmutations
 60245 | Elf:3    | Identified the ring "Uvotso" {rN++ EV+5}
 60872 | Shoals:1 | Entered Level 1 of the Shoals
 60974 | Shoals:1 | Reached XP level 18. HP: 65/66 MP: 7/28
 61630 | Shoals:2 | Found a runed translucent door.
 62466 | Shoals:2 | Identified the +3 flail "Lorem Ipsum" {spect, Str+2}
 63794 | Shoals:3 | Noticed Kirke
 63800 | Shoals:3 | Killed Kirke
 64025 | Shoals:3 | Noticed Aizul
 64044 | Shoals:3 | Killed Aizul
 64612 | Shoals:4 | Entered Level 4 of the Shoals
 66721 | Shoals:4 | Identified the amulet "Foucih" {Faith Harm rPois rN+}
 66773 | Shoals:4 | HP: 3/61 [merfolk javelineer/silver javelin (1)]
 68277 | Shoals:4 | Got a barnacled rune of Zot
 68298 | Shoals:4 | Got Sif Muna's Guide on Translocation and Toxins
 68621 | Vaults:1 | Entered Level 1 of the Vaults
 68638 | Abyss:3  | Cast into level 3 of the Abyss (a wizard)
 68879 | Abyss:3  | Noticed a bone dragon
 69419 | Vaults:1 | Escaped the Abyss
 69566 | Vaults:1 | Reached XP level 19. HP: 76/76 MP: 14/29
 69973 | Vaults:1 | Reached skill level 10 in Earth Magic
 70497 | Vaults:1 | Reached skill level 19 in Summonings
 71124 | Vaults:2 | Found a staircase to the Crypt.
 71124 | Vaults:2 | Found a basalt altar of Yredelemnul.
 71124 | Vaults:2 | Found an ancient bone altar of Kikubaaqudgha.
 71218 | Vaults:2 | You fall into a shaft and drop 1 floor!
 71427 | Vaults:3 | Noticed Asterion
 71543 | Vaults:2 | Noticed Mara
 71557 | Vaults:2 | Killed Mara
 72212 | Vaults:2 | Noticed Mennas
 72223 | Vaults:2 | Noticed Xtahua
 72233 | Vaults:2 | Killed Xtahua
 72549 | Vaults:2 | Found Hurghogenk's Armour Shoppe.
 72929 | Vaults:2 | Killed Mennas
 73473 | Vaults:3 | Noticed Sojobo
 73473 | Vaults:3 | Found Xiphoscho's Jewellery Emporium.
 73633 | Vaults:3 | Killed Sojobo
 73752 | Vaults:3 | Reached XP level 20. HP: 77/77 MP: 9/32
 73765 | Vaults:3 | Noticed Nikola
 73780 | Vaults:3 | Killed Nikola
 73930 | Vaults:3 | Killed Asterion
 74367 | Vaults:3 | Noticed Jory
 75101 | Vaults:3 | Noticed Frederick
 75106 | Vaults:3 | Killed Frederick
 75145 | Vaults:3 | Killed Jory
 76233 | Vaults:3 | Found Xiphoscho's Jewellery Emporium.
 76307 | Vaults:4 | Learned a level 2 spell: Blink
 76429 | Vaults:4 | Reached skill level 1 in Translocations
 76551 | Vaults:4 | Found Ifeidafok's Magic Scroll Emporium.
 76559 | Vaults:4 | Bought a scroll of blinking for 150 gold pieces
 76559 | Vaults:4 | Bought a scroll of blinking for 150 gold pieces
 76955 | Snake:1  | Bought a book of the Dragon for 920 gold pieces
 77469 | Vaults:4 | Reached skill level 20 in Summonings
 79173 | Slime:1  | Entered Level 1 of the Pits of Slime
 79922 | Slime:5  | Entered Level 5 of the Pits of Slime
 80089 | Slime:4  | Reached XP level 21. HP: 37/76 MP: 17/35
 80724 | Slime:5  | Reached skill level 21 in Summonings
 80827 | Slime:5  | Noticed the Royal Jelly
 80907 | Slime:5  | Killed the Royal Jelly
 81339 | Slime:4  | HP: 4/100 [rockslime[the Royal Jelly] (31)]
 81647 | Slime:5  | Got a slimy rune of Zot
 81675 | Slime:5  | Got the Annotations on Black Deeds
 81684 | Slime:5  | Got the Notes on Vapour and the Syncline
 81690 | Slime:5  | Identified the +0 buckler "Qefamm" {rC+ rN+ Dex-3 Stlth+}
 81717 | Slime:5  | Identified the staff "Oroemips" {rPois Int+2 Poison}
 81719 | Slime:5  | Identified the +1 shortbow of Kismet {freeze, rF+ Str+3}
 82243 | Depths:1 | Entered Level 1 of the Depths
 82243 | Depths:1 | Found a one-way gate to the infinite horrors of the Abyss.
 82251 | D:15     | HP: 4/107 [ettin/+2 dire flail of protection (29)]
 82698 | D:15     | Learned a level 8 spell: Summon Horrible Things
 82705 | Depths:1 | Reached skill level 10 in Spellcasting
 82777 | Depths:1 | Reached skill level 5 in Translocations
 82899 | Depths:1 | You fall into a shaft and drop 1 floor!
 82899 | Depths:2 | Found a one-way gateway to a ziggurat.
 84130 | Depths:1 | Identified the staff of the Uplifting Augurer {rC+ rN+
                  | Will+ Str+3 Necro}
 84281 | Depths:1 | Identified the +9 long sword of Integrity {venom, Int+2}
 84486 | Depths:1 | Found a gateway to Hell.
 85863 | Depths:2 | Reached skill level 10 in Translocations
 86082 | Depths:2 | Noticed a golden dragon
 86104 | Depths:2 | Killed a golden dragon
 86174 | Depths:2 | Reached skill level 22 in Summonings
 86325 | Depths:2 | Paralysed by a floating eye for 2 turns
 86336 | Depths:2 | Noticed a golden dragon
 86344 | Depths:2 | Killed a golden dragon
 86416 | Depths:2 | Reached XP level 22. HP: 89/89 MP: 14/37
 86564 | Depths:2 | Noticed an ancient lich
 86588 | Depths:2 | Killed an ancient lich
 87070 | Depths:2 | Found a one-way gate leading to the halls of Pandemonium.
 87171 | Depths:2 | Noticed Saint Roka
 87180 | Depths:2 | Killed Saint Roka
 87732 | Depths:2 | Reached skill level 23 in Summonings
 88414 | Depths:2 | Slain by a titan
 88415 | Depths:2 | Reached XP level 21. HP: -2/107 MP: 17/36
 89053 | Depths:2 | Reached skill level 24 in Summonings
 89222 | Depths:2 | Got the Information on the Dead
 89656 | Depths:3 | Noticed Vv
 89665 | Depths:3 | Killed Vv
 90090 | Depths:3 | Noticed a golden dragon
 90099 | Depths:3 | Killed a golden dragon
 90423 | Depths:3 | Reached XP level 22. HP: 89/89 MP: 24/37
 90881 | Depths:3 | Noticed a caustic shrike
 90916 | Depths:3 | Identified the +5 trident of Ingirr {freeze, rF+ rC+ Int+3
                  | Dex+4}
 90928 | Depths:3 | Noticed a juggernaut
 90931 | Depths:3 | a juggernaut changed into a shard shrike
 90931 | Depths:3 | Noticed a shard shrike (glowing shapeshifter)
 90932 | Depths:3 | a shard shrike changed into a juggernaut
 90932 | Depths:3 | Noticed a juggernaut (glowing shapeshifter)
 90933 | Depths:3 | a juggernaut changed into a titan
 90936 | Depths:3 | a titan changed into a golden dragon
 90936 | Depths:3 | Noticed a golden dragon (glowing shapeshifter)
 91155 | Depths:3 | Killed a caustic shrike
 91763 | Depths:3 | Found Bostriri's Jewellery Shoppe.
 91764 | Depths:3 | Found Gatollol's Book Shop.
 91765 | Depths:3 | Found Fyesoxan's Jewellery Shoppe.
 91987 | Depths:4 | Entered Level 4 of the Depths
 92548 | Depths:4 | Paralysed by a floating eye for 2 turns
 93126 | Depths:4 | Noticed a golden dragon
 93137 | Depths:4 | Killed a golden dragon
 93479 | Depths:4 | Found a runed translucent door.
 93484 | Depths:4 | Found a runed translucent door.
 93771 | Depths:4 | Found a runed translucent door.
 93778 | Depths:4 | Found a runed translucent door.
 94112 | Depths:4 | Found a runed translucent door.
 94235 | Depths:4 | Found a runed translucent door.
 94334 | Depths:4 | Found a gate to the Realm of Zot.
 94552 | Depths:4 | Reached skill level 25 in Summonings
 94754 | Depths:4 | Found a glowing silver altar of Zin.
 95363 | Elf:1    | Identified the ring of Xohol {rN+ MP+9}
 95377 | Elf:1    | Identified the ring "Tafow" {Wiz Str+3}
 95381 | Elf:1    | Identified the ring "Sajisuun" {rN+ Will+ rCorr MP+9 Int+8}
 95412 | Elf:1    | Learned a level 9 spell: Dragon's Call
 95781 | Zot:1    | Entered Level 1 of the Realm of Zot
 95781 | Zot:1    | Found a runed translucent gate.
 95781 | Zot:1    | Found a runed translucent gate.
 95781 | Zot:1    | Found an opulent altar of Gozag.
 95781 | Zot:1    | Found a runed translucent gate.
 96014 | Zot:2    | Noticed a curse toe
 96201 | Zot:1    | Noticed a golden dragon
 96215 | Zot:1    | Killed a golden dragon
 96243 | Zot:1    | Noticed olmar's ghost (master GnWr)
 96247 | Zot:1    | Noticed a golden dragon
 96419 | Zot:1    | Noticed a curse toe
 96423 | Zot:1    | Killed a golden dragon
 96581 | Zot:2    | Killed a curse toe
 96752 | Zot:2    | Reached XP level 23. HP: 91/91 MP: 34/41
 97062 | Zot:3    | Learned a level 7 spell: Haunt
 97171 | Zot:3    | Reached skill level 1 in Necromancy
 98045 | Zot:4    | Noticed a curse toe
 98054 | Zot:4    | Killed a curse toe
 98141 | Zot:4    | Found a transporter.
 98282 | Zot:4    | Noticed a Killer Klown
 98493 | Zot:4    | Reached skill level 26 in Summonings
 98532 | Zot:4    | Noticed a Killer Klown
 98538 | Zot:4    | Killed a Killer Klown
 99170 | Zot:4    | Killed a Killer Klown
 99304 | Zot:4    | Found a transporter.
 99598 | Zot:4    | Noticed a Killer Klown
 99613 | Zot:4    | Killed a Killer Klown
 99848 | Zot:5    | Entered Level 5 of the Realm of Zot
 99865 | Zot:5    | Noticed an orb of fire
 99867 | Zot:5    | HP: 2/119 [something/bolt of fire (56)]
100119 | Zot:5    | Noticed a Killer Klown
100123 | Zot:5    | Killed an orb of fire
100136 | Zot:5    | Killed a Killer Klown
100863 | Zot:5    | Noticed an ancient lich
100866 | Zot:5    | Noticed a dread lich
100869 | Zot:5    | Reached skill level 5 in Necromancy
100869 | Zot:5    | Killed an ancient lich
100873 | Zot:5    | Noticed an orb of fire
100878 | Zot:5    | Noticed a Killer Klown
100881 | Zot:5    | Killed a dread lich
100885 | Zot:5    | Killed a Killer Klown
100885 | Zot:5    | Noticed a Killer Klown
100887 | Zot:5    | Gained mutation: Your body sometimes deteriorates upon
                  | taking damage. [an orb of fire]
100891 | Zot:5    | Gained mutation: You are weak. (Str -2) [an orb of fire]
100901 | Zot:5    | Noticed a Killer Klown
100902 | Zot:5    | Noticed a Killer Klown
100902 | Zot:5    | Killed an orb of fire
100903 | Zot:5    | Reached XP level 24. HP: 98/98 MP: 21/41
100910 | Zot:5    | Killed a Killer Klown
100917 | Zot:5    | Killed a Killer Klown
100974 | Zot:5    | Killed a Killer Klown
101314 | Zot:5    | Noticed an ancient lich
101557 | Zot:5    | Killed an ancient lich
101684 | Zot:5    | Noticed a Killer Klown
101687 | Zot:5    | Killed a Killer Klown
101711 | Zot:5    | Noticed an orb of fire
101721 | Zot:5    | Killed an orb of fire
101939 | Zot:5    | Noticed an orb of fire
101948 | Zot:5    | Killed an orb of fire
102499 | Zot:5    | Got the Orb of Zot
102571 | Zot:4    | Noticed Daosataint the pandemonium lord
102825 | Depths:1 | Noticed Xigh the pandemonium lord
102865 | D:14     | Noticed Retuan the pandemonium lord
103200 | D:$      | Escaped with the Orb!

Illustrated notes

Levels and vault maps discovered:
D:1:      minmay_arrival_jagged, layout_loops_ring
D:2:      cheibrodos_greedy_goblins, layout_loops_ring,
          shapermc_ecumenical_altar_mp_ritualfount, minmay_misc_feat_doors,
          uniq_jessica
D:3:      layout_basic
D:4:      lemuel_castle_with_subvaults [lemuel_castle_interior_carwin_3],
          layout_basic, mainiacjoe_overflow_swirl, serial_shops, shop, shop,
          nicolae_kite_square_tiling_tiny
D:5:      layout_basic, gammafunk_temple_overflow_pools,
          minmay_temple_entry_drinking_statues
D:6:      layout_rooms, kennysheep_generic_room_15, uniq_crazy_yiuf_cottage
D:7:      layout_loops_corners, enter_bailey_5, serial_shops, shop,
          kennysheep_generic_room_8
D:8:      layout_basic, mainiacjoe_overflow_brackets, overflow_temple_1_default,
          due_lair_maze_entry_diamond, serial_bayou_lake_a
D:9:      layout_cave_pods, minmay_misc_feat_four_crosses, uniq_prince_ribbit1
D:10:     layout_irregular_city, kiku_gazebo_pond_becter
D:11:     layout_big_octagon, serial_ice, serial_ice_e, serial_ice_j,
          serial_ice_d, serial_ice_n, ebering_ghost_xom, enter_trove_5,
          nemelex_diamond_rough_becter
D:12:     layout_cave_pools, minivault_10
D:13:     layout_loops_cross, amethyst_killhole, bloody_makhleb
D:14:     layout_basic, lightli_vaults_fourway_checkpoint, serial_shops, shop,
          serial_park_tiny_1, uniq_louise, uniq_jorgrun, uniq_azrael
D:15:     gammafunk_depths_entry_grave, layout_basic, minmay_shop_mass,
          minmay_guarded_unrand_skullcrusher
Temple:   nicolae_temple_superstar
Lair:1:   layout_layer_cave, lemuel_fruit_tree, uniq_maggie
Lair:2:   layout_chaotic_city, elwin_shoals_entry_rooms,
          minmay_snake_entry_guardpost_small, grunt_megastairs_5
Lair:3:   layout_regular_city, ebering_ghost_inner_flame,
          portal_ice_cave_entry_imps, pdpol_lair_neglected_garden, uniq_fannar
Lair:4:   layout_cave_shapes, nicolae_volcano_entry_lava_flow,
          serial_bayou_shore_b
Lair:5:   grunt_lair_end_beastmaster, layout_hall_layers,
          dpeg_slime_entry_enclosed
Shoals:1: layout_shoals, ldierk_geyser, nicolae_splish_splash
Shoals:2: layout_shoals, lightli_airlock
Shoals:3: nzn_motion_control, layout_shoals, uniq_aizul, uniq_kirke
Shoals:4: shoals_end_grunt_ice, layout_shoals
Snake:1:  layout_honeycomb, serial_shops, shop, uniq_josephine
Snake:2:  layout_chambers, nicolae_alphabet_shops, nicolae_integral_box
Snake:3:  layout_cave_town, serial_bayou_ford_a, nicolae_triple_integral
Snake:4:  grunt_snake_rune_pools, layout_gridlike, uniq_vashnia, uniq_bai_suzhen
Slime:1:  layout_caves
Slime:2:  layout_caves
Slime:3:  layout_caves
Slime:4:  layout_caves
Slime:5
Orc:1:    layout_diamond_mine, abandoned_shop
Orc:2:    pubby_orc_utopia, serial_shops
Elf:1:    gammafunk_its_a_trap, layout_geoelf_octagon, orc_legates
Elf:2:    nicolae_elf_blades_splatter_lattice
          [nicolae_vaults_blade_armed_guards], layout_gridlike, serial_shops,
          nicolae_lakefront_shop, minivault_25_ag
Elf:3:    grunt_elf_hall_diamonds, layout_rooms
Vaults:1: nicolae_vaults_yaktaur_gun_rack, ontoclasm_vaults_ring_large,
          vaults_dpeg_hooks, nicolae_vaults_storage_closets_1,
          nicolae_vaults_c_with_doors, vaults_standard_mumra_enter_the_diamond,
          nicolae_vaults_little_squares_2, nicolae_vaults_stairing_the_circle,
          v_rooms_5, nicolae_vaults_weapon_check, ontoclasm_vaults_ligature,
          grunt_vaults_hallway_short, layout_vaults_maze
Vaults:2: vaults_dpeg_encased_lava, v_pattern_4, v_misc_18,
          ontoclasm_vaults_loading_screen, ontoclasm_vaults_fault, v_rooms_3,
          nicolae_vaults_mitosis, grunt_vaults_funnel,
          nicolae_vaults_little_squares_4, minmay_crypt_entry_necro_gods,
          nicolae_vaults_diamond_2, vaults_room_fours,
          layout_vaults_chaotic_city, serial_shops, nicolae_square_shop,
          uniq_mennas, uniq_xtahua, uniq_margery, uniq_mara
Vaults:3: v_misc_10, hangedman_vaults_unwind, hangedman_vaults_restitches,
          v_misc_10, v_misc_17, v_misc_9, vaults_mumra_minichess_inversion,
          grunt_vaults_diagonal, ontoclasm_vaults_gateway, layout_vaults_ring,
          serial_shops, nicolae_shop_temple_entry_statues_fountains,
          uniq_nikola, uniq_jory, uniq_sojobo, uniq_asterion, uniq_frederick
Vaults:4: v_misc_13, nicolae_vaults_network_s, vaults_dpeg_doors,
          grunt_vaults_hallway_long, v_alt_pattern_1, nicolae_vaults_asterisk,
          nicolae_vaults_closet_pinwheel_5, hangedman_vaults_stream,
          hangedman_vaults_trim, v_misc_14, ontoclasm_vaults_loading_screen,
          dpeg_vaults_monster_row, nicolae_vaults_layer_cake_slice,
          layout_vaults_omnicross, serial_shops, shop_fountains
Depths:1: layout_forbidden_donut, abyss_entry, hell_entry, nicolae_rejected_hall
Depths:2: minmay_octagon_city, layout_basic, enter_ziggurat_c, abyss_entry,
          grunt_pan_entry_sceptre, hell_entry, special_room
          [special_room_morgue], minmay_strange_pillars, uniq_saint_roka
Depths:3: evilmike_marble_ring, layout_gridlike, chequers_serial_rivers_micro_a,
          pf_hell_entry_great_geh, minmay_room_of_horrors, minmay_shop_grove,
          uniq_vv
Depths:4: evilmike_zot_entry_castle, layout_basic, grunt_hell_entry_dis_old,
          pan_entry, zin_academy
Zot:1:    gammafunk_mikee_crab_dinner, layout_misc_corridors,
          ebering_ghost_gozag, nicolae_diode_quadrants
Zot:2:    layout_basic, grunt_megastairs_1
Zot:3:    layout_concentric_octagons
Zot:4:    grunt_zot_stairs_faceoff, layout_cathedral_of_symmetry,
          nicolae_diode_stairs
Zot:5:    layout_basic

Skill      XL: |  1  2  3  4  5  6  7  8  9 10 11 12 13 14 15 16 17 18 19 20 21 22 23 24 |
---------------+-------------------------------------------------------------------------+-----
Stealth        | 2 3 4 5 7 8 9 10 | 10.2
Dodging        | 2 1 2 4 6 9 12 14 16 15 17 18 19 20 | 20.0
Unarmed Combat | 4 5 5 6 8 10 11 | 11.0
Hexes          | 1 4 3 5 7 9 10 11 | 11.0
Fighting       | 2 3 4 6 8 9 10 11 12 13 14 | 14.8
Spellcasting   | 0 1 3 5 6 7 9 10 13 14 | 14.0
Necromancy     | 0 5 8 |  8.0
Evocations     | 4 5 6 |  6.0
Transmutations | 2 4 10 13 14 | 14.5
Ice Magic      | 1 3 |  3.0
Earth Magic    | 1 2 7 9 10 | 10.0
Summonings     | 2 8 9 12 17 18 19 20 24 25 26 | 26.0
Air Magic      | 4 5 |  5.4
Translocations | 4 11 | 11.0

Action                     |  1- 3 |  4- 6 |  7- 9 | 10-12 | 13-15 | 16-18 | 19-21 | 22-24 || total
---------------------------+-------+-------+-------+-------+-------+-------+-------+-------++-------
  Melee: Unarmed           |   129 |   286 |   323 |   473 |   307 |   137 |   206 |   220 ||  2081
         Punch             |     1 |     5 |    26 |    28 |    22 |     6 |    23 |    24 ||   135
         Bite              |     8 |    23 |    54 |    44 |    35 |    14 |    27 |    47 ||   252
   Cast: Confusing Touch   |       |    21 |    48 |    51 |     2 |       |       |       ||   122
         Ensorcelled Hiber |       |       |       |   206 |   111 |    23 |       |       ||   340
         Passwall          |       |       |       |     4 |     5 |    11 |       |     3 ||    23
         Summon Lightning  |       |       |       |     5 |   116 |     8 |       |       ||   129
         Summon Mana Viper |       |       |       |     1 |   154 |    85 |    25 |    10 ||   275
         Summon Hydra      |       |       |       |       |    20 |   488 |   484 |   290 ||  1282
         Summon Cactus Gia |       |       |       |       |       |    33 |    17 |     1 ||    51
         Statue Form       |       |       |       |       |       |     7 |   109 |   116 ||   232
         Summon Horrible T |       |       |       |       |       |       |     2 |     5 ||     7
         Dragon's Call     |       |       |       |       |       |       |       |    52 ||    52
         Haunt             |       |       |       |       |       |       |       |    10 ||    10
 Invoke: Sacrifice Skill   |       |     1 |       |       |       |       |       |       ||     1
         Sacrifice Health  |       |       |     1 |       |       |       |       |       ||     1
         Sacrifice an Eye  |       |       |       |     1 |       |       |       |       ||     1
         Apocalypse        |       |       |       |     7 |    15 |    19 |    22 |    12 ||    75
         Sacrifice Courage |       |       |       |     1 |       |       |       |       ||     1
         Sacrifice Resista |       |       |       |     1 |       |       |       |       ||     1
         Power Leap        |       |       |       |       |     1 |     3 |     2 |       ||     6
  Evoke: Wand              |       |       |     4 |    34 |     3 |    16 |     4 |    14 ||    75
         Lightning rod     |       |       |       |     5 |     8 |     3 |    17 |     5 ||    38
         Tin of tremorston |       |       |       |       |       |       |     2 |       ||     2
    Use: Potion            |       |     3 |     1 |       |     4 |     5 |     3 |     5 ||    21
         Scroll            |       |     1 |       |     9 |     5 |    12 |     7 |     9 ||    43
   Stab: Sleeping          |     7 |     8 |     9 |   104 |    66 |    26 |    19 |     6 ||   245
         Distracted        |     3 |     2 |     1 |     5 |    14 |     3 |    14 |    14 ||    56
         Confused          |       |     7 |    36 |    32 |       |       |       |       ||    75
         Invisible         |       |       |       |     4 |     4 |       |     1 |     4 ||    13
         Paralysed         |       |       |       |     9 |     8 |    13 |     8 |     7 ||    45
         Betrayed ally     |       |       |       |       |     3 |       |       |       ||     3
 Armour: Skin              |    17 |     5 |    11 |    15 |     9 |     9 |   120 |   115 ||   301
  Dodge: Dodged            |    78 |   159 |   181 |   533 |   518 |   411 |   797 |   725 ||  3402
  Block: Other             |    11 |    50 |    30 |       |       |       |       |       ||    91
         Reflection        |       |     2 |     2 |       |       |       |       |       ||     4

Table legend: (Time is in decaauts)
 A = Elapsed time spent in this place.
 B = Non-inter-level travel time spent in this place.
 C = Inter-level travel time spent in this place.
 D = Time resting spent in this place.
 E = Time spent auto-exploring this place.
 F = Levels seen in this place.
 G = Mean time per level.
                   A        B        C        D        E       F      G
               +--------+--------+--------+--------+--------+-----+--------+
         Total | 100510 |  93369 |   7141 |  43769 |  29585 |  55 | 1827.5 |
       Dungeon |  27013 |  24120 |   2893 |   9430 |   9314 |  15 | 1800.9 |
        Temple |      4 |      3 |      1 |      0 |      0 |   1 |    4.0 |
          Lair |   9695 |   8780 |    915 |   3818 |   3028 |   5 | 1939.0 |
        Shoals |   7463 |   7184 |    279 |   3945 |   2077 |   4 | 1865.8 |
     Snake Pit |   9039 |   8711 |    328 |   4585 |   2580 |   4 | 2259.8 |
    Slime Pits |   3138 |   2917 |    221 |   1841 |    462 |   5 |  627.6 |
  Orcish Mines |   3787 |   3429 |    358 |   1346 |   1284 |   2 | 1893.5 |
   Elven Halls |   8223 |   7769 |    454 |   4803 |   1504 |   3 | 2741.0 |
        Vaults |   9023 |   8420 |    603 |   2893 |   3979 |   4 | 2255.8 |
        Depths |  14742 |  14032 |    710 |   7365 |   3430 |   4 | 3685.5 |
           Zot |   7503 |   7130 |    373 |   3369 |   1865 |   5 | 1500.6 |
         Abyss |    758 |    758 |      0 |    371 |     51 |   1 |  758.0 |
         Trove |     40 |     40 |      0 |      0 |      7 |   1 |   40.0 |
       Volcano |     77 |     77 |      0 |      0 |      0 |   1 |   77.0 |
               +--------+--------+--------+--------+--------+-----+--------+

Top non-repeatable levels by time:
Depths:2: 3966 daAuts
Depths:3: 3731 daAuts
   Elf:2: 3665 daAuts
Depths:4: 3562 daAuts
Depths:1: 3481 daAuts
   Elf:3: 3201 daAuts
   Orc:2: 3152 daAuts
    D:10: 3134 daAuts
  Lair:2: 2985 daAuts
 Snake:4: 2904 daAuts
   Zot:5: 2768 daAuts
Vaults:3: 2703 daAuts
    D:15: 2640 daAuts
     D:8: 2549 daAuts
Vaults:2: 2498 daAuts
